 Dungeon Crawl Stone Soup version 0.31.0-32-g396128a36d (webtiles) character file.

Game seed: 13717342277169595512

28 hawla the Firebug (level 2, -9/15 HPs)
             Began as a Deep Elf Fire Elementalist on Apr 15, 2024.
             Mangled by Sigmund
             ... wielding a +5 scythe of venom
              (11 damage)
             ... on level 2 of the Dungeon.
             The game lasted 00:02:08 (1127 turns).

hawla the Firebug (Deep Elf Fire Elementalist)      Turns: 1127, Time: 00:02:09

Health: -9/15      AC:  4    Str:  5    XL:     2   Next: 96%
Magic:  5/8        EV: 12    Int: 19    God:
Gold:   46         SH:  0    Dex: 15    Spells: 4/7 levels left

rFire   . . .        (no weapon)
rCold   . . .        (no shield)
rNeg    . . .        a - +0 robe
rPois   .            (no helmet)
rElec   .            (no cloak)
rCorr   .            j - +0 pair of gloves
SInv    .            i - +0 pair of boots
Will    .....        (no amulet)
Stlth   ++           (no ring)
HPRegen 0.22/turn    (no ring)
MPRegen 0.11/turn

%: no passive effects
@: lethally poisoned (-9 -> -14)
A: no striking features
a: no special abilities


You were on level 2 of the Dungeon.
You visited 1 branch of the dungeon, and saw 2 of its levels.

You collected 46 gold pieces.

Inventory:

Armour
 a - a +0 robe (worn)
 i - a +0 pair of boots (worn)
 j - a +0 pair of gloves (worn)
Scrolls
 e - a scroll of fear {unknown}
Potions
 b - 2 potions of magic
 f - a potion of attraction {unknown}
 g - a potion of brilliance {unknown}


   Skills:
 - Level 2.4 Dodging
 - Level 2.4 Stealth
 - Level 3.0 Spellcasting
 - Level 1.1 Conjurations
 + Level 4.6 Fire Magic


You had 4 spell levels left.
You knew the following spells:

 Your Spells              Type           Power      Damage    Failure   Level
a - Foxfire               Conj/Fire      52%        2x1d6     4%          1
b - Scorch                Fire           40%        2d6       3%          2

Your spell library contained the following spells:

 Spells                   Type           Power      Damage    Failure   Level
 Inner Flame              Hex/Fire       11%        N/A       19%         3
 Volatile Blastmotes      Fire/Tloc      22%        2d11      19%         3
 Flame Wave               Conj/Fire      13%        2d6       43%         4


Dungeon Overview and Level Annotations

Branches:
Dungeon (2/15)

Altars:

Shops:
D:2 *

Annotations:
D:2 Sigmund


Message History

You kill the endoplasm!
Your foxfire dissipates! x2
Magic restored.
Sigmund the Dreaded comes into view.
He is wielding a +5 scythe of venom.
Sigmund shouts!
You see here 4 stones.
Sigmund is nearby!
Sigmund is nearby!
Casting: Foxfire (safe; 4% risk of failure)
Confirm with . or Enter, or press ? or * to list all spells.
You conjure some foxfire!
Sigmund casts a spell.
Sigmund flickers and vanishes!
Deactivating autopickup; reactivate with Ctrl-A.
Casting: Foxfire (safe; 4% risk of failure)
Confirm with . or Enter, or press ? or * to list all spells.
You can't see any susceptible monsters within range! (Use Z to cast anyway.) Unknown command.
Casting: Foxfire (safe; 4% risk of failure)
Confirm with . or Enter, or press ? or * to list all spells.
Flames lash something.
The foxfire hits something. x2; Something hits you!
Ouch! That really hurt!
You are lethally poisoned!
Unknown command.
As you read the scroll labelled JYTEGH ISASSAONI, it crumbles to dust.
It is a scroll of identify.
c - a potion of curing
* * * LOW HITPOINT WARNING * * *
You feel very sick.
You feel better. Something hits you.
* * * LOW HITPOINT WARNING * * *
You are lethally poisoned!
A giant cockroach comes into view.
Unknown command.
As you read the scroll labelled MASUKK MIL OTEC, it crumbles to dust.
It is a scroll of enchant weapon.
You aren't carrying any weapons that can be enchanted.
* * * LOW HITPOINT WARNING * * *
You feel sick. Something hits you!
Ouch! That really hurt!
You die...

#.....# ###.#.# #
#.#.# # .# #.#.# #.
#B #.#.## ##.. #.
#....# .... ##{
###########..#
#..#.###............#
#...@....##########.#
#.#####.## .# #.# .#
#.# .# #.# .# #.# .#
#.# ..#


You could see a giant cockroach (wandering).

Vanquished Creatures
  4 bats (D:1)
  2 endoplasms
  A giant cockroach (D:1)
  2 goblins (D:1)
  A hobgoblin (D:1)
  2 jackals (D:1)
  2 quokkas (D:1)
  A ball python (D:1)
  2 frilled lizards (D:1)
  6 kobolds (D:1)
  5 rats (D:1)
28 creatures vanquished.

Vanquished Creatures (others)
  77 foxfires
77 creatures vanquished.

Grand Total: 105 creatures vanquished

Notes
Turn   | Place    | Note
-------+----------+-------------------------------------------
     0 | D:1      | hawla the Deep Elf Fire Elementalist began the quest for
                  | the Orb.
     0 | D:1      | Reached XP level 1. HP: 10/10 MP: 6/6
   255 | D:1      | Reached XP level 2. HP: 15/15 MP: 5/8
   285 | D:1      | Reached skill level 4 in Fire Magic
   538 | D:1      | Found a faded altar of an unknown god.
  1026 | D:1      | Learned a level 2 spell: Scorch
  1071 | D:2      | Found Etyewn's General Store.
  1122 | D:2      | Noticed Sigmund
  1127 | D:2      | Mangled by Sigmund

Illustrated notes

Levels and vault maps discovered:
D:1:      lemuel_arrival_rhombus, layout_loops_ring, basic_ecumenical_altar
D:2:      layout_loops_ring, serial_shops, nicolae_shop_tiny_waterfront,
          uniq_sigmund, uniq_robin

Skill      XL: |  1  2 |
---------------+-------+-----
Fire Magic     | 4 |  4.6
Dodging        | |  2.4
Stealth        | |  2.4
Spellcasting   | |  3.0
Conjurations   | |  1.1

Action                     || total
---------------------------++-------
  Melee: Unarmed           ||     3
   Cast: Foxfire           ||    48
         Scorch            ||     1
    Use: Scroll            ||     2
         Potion            ||     1
 Armour: Robe              ||    10
  Dodge: Dodged            ||     5
